 Dungeon Crawl Stone Soup version 0.21.1-1-g345015f (webtiles) character file.

1605 empire the Carver (level 8, -2/157 HPs)
             Began as a Minotaur Fighter on May 31, 2018.
             Slain by an orc warrior
             ... wielding a +0 halberd
              (8 damage)
             ... on level 6 of the Dungeon.
             The game lasted 00:09:41 (3878 turns).

empire the Carver (Minotaur Fighter)                Turns: 3878, Time: 00:09:42

Health: -2/157     AC: 24    Str: 28    XL:     8   Next: 63%
Magic:  16/16      EV:  2    Int:  5    God:
Gold:   346        SH:  0    Dex: 10    Spells: 7/7 levels left

rFire    . . .     SeeInvis .   a - +1 long sword
rCold    . . .     Gourm    .   Z - +1 shield
rNeg     + + +     Faith    .   (armour currently unavailable)
rPois    +         Spirit   .   (helmet currently unavailable)
rElec    .         Reflect  .   (cloak currently unavailable)
rCorr    .         Harm     .   (gloves currently unavailable)
MR       .....     NoTele   +   (boots currently unavailable)
Stlth    ..........             (no amulet)
HPRegen  0.36/turn              n - ring of magical power
MPRegen  0.15/turn              (no ring)

@: confused, berserking (expiring), tree-form, very quick
A: (retaliatory headbutt)
a: no special abilities


You were on level 6 of the Dungeon.
You were not hungry.
You were a tree.
You visited 1 branch of the dungeon, and saw 6 of its levels.

You collected 346 gold pieces.

Inventory:

Hand Weapons
 a - a +1 long sword (weapon)
 b - the +9 hand axe "Nopto" {protect, Str+4 Dex-4}
   (You found it on level 4 of the Dungeon)

   It protects the one who uses it against injury (+AC on strike).
   It affects your strength (+4).
   It affects your dexterity (-4).
 d - a +1 scythe of slicing
 e - a cursed +0 mace
 h - a cursed -1 spear
 o - a +2 dagger of protection
 y - a +0 falchion of holy wrath
 B - a +1 flail of protection
 C - a +2 dagger of draining
Armour
 Q - a +0 plate armour (melded)
 W - a +0 pair of boots (melded)
 X - a +2 pair of gloves (melded)
 Z - a +1 shield (worn)
Jewellery
 n - a ring of magical power (left branch)
Wands
 g - a wand of polymorph (14)
Scrolls
 i - 4 scrolls of teleportation
 k - 2 scrolls of remove curse
 p - a scroll of immolation
Potions
 m - a potion of cancellation {unknown}
 q - a potion of berserk rage
 r - a potion of haste {unknown}
 s - 2 potions of brilliance
 t - 2 potions of curing
 u - 2 potions of lignification
 v - a potion of agility {unknown}
 w - a potion of degeneration {unknown}
 A - a potion of magic {unknown}
Comestibles
 c - 6 chunks of flesh
 f - 7 rations


   Skills:
 - Level 6.0 Fighting
 + Level 10.1 Long Blades
 + Level 3.8 Armour
 - Level 6.2 Dodging
 - Level 3.6 Shields


You had 7 spell levels left.
You didn't know any spells.

Dungeon Overview and Level Annotations

Branches:
Dungeon (6/15)
 Temple: D:4-7

Altars:
Ashenzari
Gozag
Hepliaklqana
Nemelex Xobeh
Ru
Xom

Annotations:
D:3 2 transporters, 1 runed door, TheDeathLetter's ghost, amateur DsAr


Innate Abilities, Weirdness & Mutations

((You reflexively headbutt those who attack you in melee.))
((You have a pair of horns on your head.))


Message History

The orc wizard flickers and vanishes!
Deactivating autopickup; reactivate with Ctrl-A.
You cannot move. (Use ctrl+direction to attack without moving.) Unknown command.
You cannot move. (Use ctrl+direction to attack without moving.) Unknown command.
You miss the orc warrior.
The orc warrior is moderately wounded.
The orc wizard hits you but does no damage.
The orc warrior hits you with a halberd!
* * * LOW HITPOINT WARNING * * *
You are too berserk!
You swing at nothing.
The orc wizard completely misses you. Something hits you but does no damage.
You swing at nothing.
You feel a strong urge to attack something.
The orc wizard points at you and mumbles some strange words.
The magic dart hits you!
The orc warrior hits you with a halberd!
You die...

#... #.### #.#
♣♣♣♣♣#.##### ♣♣
♣♣..........# .♣♣♣♣
♣♣♣........#
....♣♣♣..♣♣♣♣♣#..####
♣♣♣....♣♣♣ #))...#
♣♣♣♣♣♣ #.♣o..#
#..)o{....#
#.........###
...#.......#
........##.#
####....# .# .....#
.# #......


You could see an orc warrior and an orc wizard.

Vanquished Creatures
  The ghost of TheDeathLetter the Ruffian, an amateur TrMo (D:4)
  Sigmund (D:2)
  Eustachio (D:5)
  Menkaure (D:5)
  A phantom (D:4)
  An ogre (D:4)
  A centaur (D:6)
  Blork the orc (D:5)
  2 scorpions
  4 howler monkeys
  3 orc wizards
  A centaur skeleton (D:4)
  An iguana (D:4)
  Terence (D:2)
  2 worker ants
  4 gnolls (D:6)
  13 adders
  A shadow imp (D:5)
  An ooze (D:2)
  2 adder skeletons (D:5)
  2 worms
  2 dart slugs
  4 leopard geckos
  13 orcs
  9 bats
  6 giant cockroaches
  5 goblins
  5 hobgoblins
  3 quokkas
  2 ball pythons
  3 frilled lizards
  6 kobolds
  A leopard gecko skeleton (D:5)
  7 rats
111 creatures vanquished.

Notes
Turn   | Place    | Note
-------+----------+-------------------------------------------
     0 | D:1      | empire the Minotaur Fighter began the quest for the Orb.
     0 | D:1      | Reached XP level 1. HP: 19/19 MP: 0/0
    60 | D:1      | Reached skill level 3 in Long Blades
   127 | D:1      | Reached XP level 2. HP: 26/26 MP: 1/1
   608 | D:1      | Reached skill level 4 in Long Blades
   836 | D:2      | Noticed Terence
   841 | D:2      | Reached XP level 3. HP: 31/31 MP: 2/2
   851 | D:2      | Killed Terence
   851 | D:2      | Reached skill level 5 in Long Blades
   993 | D:2      | Reached XP level 4. HP: 40/40 MP: 3/3
  1269 | D:2      | Noticed Sigmund
  1285 | D:2      | Killed Sigmund
  1285 | D:2      | Reached skill level 5 in Fighting
  1285 | D:2      | Reached skill level 6 in Long Blades
  1285 | D:2      | Reached XP level 5. HP: 17/48 MP: 4/4
  1573 | D:2      | Reached XP level 6. HP: 51/56 MP: 5/5
  1636 | D:2      | Found a hazy altar of Hepliaklqana.
  2090 | D:3      | Found a shimmering altar of Xom.
  2106 | D:3      | Found a transporter.
  2125 | D:3      | Found a transporter.
  2126 | D:3      | Noticed an ice beast
  2130 | D:3      | Noticed a troll
  2131 | D:3      | Noticed TheDeathLetter's ghost (amateur DsAr)
  2132 | D:3      | Found an opulent altar of Gozag.
  2156 | D:3      | Found a runed door.
  2290 | D:4      | Found a shattered altar of Ashenzari.
  2318 | D:4      | Reached skill level 1 in Dodging
  2322 | D:4      | Reached skill level 7 in Long Blades
  2497 | D:4      | Got a pitted hand axe
  2506 | D:4      | Identified the +9 hand axe "Nopto" {protect, Str+4 Dex-4} (You found it on level 4 of the Dungeon)
  2545 | D:4      | Reached XP level 7. HP: 63/63 MP: 6/6
  2554 | D:4      | Noticed TheDeathLetter's ghost (amateur TrMo)
  2568 | D:4      | Killed TheDeathLetter's ghost
  2584 | D:4      | Reached skill level 8 in Long Blades
  2866 | D:4      | Found a sacrificial altar of Ru.
  2866 | D:4      | Found a sparkling altar of Nemelex Xobeh.
  3075 | D:5      | Entered Level 5 of the Dungeon
  3325 | D:5      | Noticed Blork the orc
  3328 | D:5      | Noticed Menkaure
  3333 | D:5      | Killed Blork the orc
  3333 | D:5      | Reached XP level 8. HP: 18/70 MP: 7/7
  3338 | D:5      | Killed Menkaure
  3338 | D:5      | Reached skill level 9 in Long Blades
  3338 | D:5      | Reached skill level 5 in Dodging
  3541 | D:5      | Noticed Eustachio
  3552 | D:5      | Killed Eustachio
  3780 | D:6      | Reached skill level 10 in Long Blades
  3876 | D:6      | HP: 6/157 [orc warrior/halberd (7)]
  3878 | D:6      | Slain by an orc warrior

Skill      XL: |  1  2  3  4  5  6  7  8 |
---------------+-------------------------+-----
Long Blades    | 3 4 5 6 7 8 10 | 10.1
Fighting       | 5 6 |  6.0
Dodging        | 2 4 6 |  6.2
Armour         | |  3.8
Shields        | |  3.6

Action                   |  1- 3 |  4- 6 |  7- 9 || total
-------------------------+-------+-------+-------++-------
Melee: Long sword        |    67 |   117 |   128 ||   312
       Headbutt          |    10 |    18 |    27 ||    55
       Falchion          |     3 |       |       ||     3
  Use: Potion            |       |     1 |     4 ||     5
       Scroll            |       |     9 |     7 ||    16
  Eat: Chunk             |       |     5 |     5 ||    10
Armor: Scale mail        |    22 |    50 |       ||    72
       Chain mail        |       |       |    29 ||    29
       Plate armour      |       |       |    25 ||    25
       Skin              |       |       |     5 ||     5
Dodge: Dodged            |    19 |    46 |    22 ||    87
Block: Shield            |    46 |    63 |    62 ||   171
       Rpst.: Long sword |     6 |    12 |     7 ||    25
